 Dungeon Crawl Stone Soup version 0.14-a0-3247-g5fd345f (webtiles) character file.

161 Psiweapon the Bolt Thrower (level 5, -1/29 HPs)
             Began as a Kobold Hunter on Mar 12, 2014.
             Slain by a rat (3 damage)
             ... on Level 2 of the Dungeon.
             The game lasted 00:04:00 (1480 turns).

Psiweapon the Bolt Thrower (Kobold Hunter)          Turns: 1480, Time: 00:04:00

HP  -1/29        AC  4     Str 11      XL: 5   Next:  0%
MP   5/5         EV 13     Int  9      God:
Gold 63          SH  0     Dex 17      Spells:  0 memorised,  4 levels left

rFire  + . .     SeeInvis .     k - +2,+1 whip (drain)
rCold  x . .     Clarity  .     d - +0 leather armour
rNeg   . . .     Conserve .     (no shield)
rPois  .         rCorr    .     (no helmet)
rElec  .         rRot     .     (no cloak)
SustAb . .       Spirit   .     i - +0 pair of gloves
rMut   .         Warding  .     (no boots)
Saprov + + .     Stasis   .     (no amulet)
MR     .....                    (no ring)
                                m - ring of fire

@: confused, drained, not resistant to hostile enchantments, very unstealthy
A: disease resistance, carnivore 3, saprovore 2
a: no special abilities


You were on level 2 of the Dungeon.
You were very full.

You visited 1 branch of the dungeon, and saw 2 of its levels.

You collected 63 gold pieces.

Inventory:

Hand weapons
 a - a +0,+0 short sword
 b - a +1,+1 crossbow
 k - a +2,+1 whip of draining (weapon)
Missiles
 c - 10 bolts
Armour
 d - a +0 leather armour (worn)
 i - a +0 pair of gloves (worn)
Magical devices
 q - a wand of enslavement (18) {unknown}
Comestibles
 f - a meat ration
 s - a chunk of giant newt flesh
Scrolls
 g - 2 scrolls of amnesia {unknown}
 j - a scroll of enchant armour {unknown}
 l - a scroll of identify {unknown}
 n - a scroll of random uselessness {unknown}
 r - a scroll of blinking {unknown}
Jewellery
 m - a ring of fire (left hand)
Potions
 e - a potion of curing {unknown}
 h - a potion of heal wounds {unknown}
 o - a potion of agility {unknown}


   Skills:
 - Level 1.1(1.0) Fighting
 + Level 7.1(6.9) Crossbows
 - Level 2.4(2.3) Dodging
 - Level 1.3(1.2) Stealth


You had 4 spell levels left.
You didn't know any spells.

Dungeon Overview and Level Annotations

Branches:
Dungeon (2/15)

Altars:

Annotations:
D:2 Sigmund


Innate Abilities, Weirdness & Mutations

You recuperate from illness quickly.
You are small and have problems with some larger weapons.
You are carnivorous and can eat meat at any time.
You can eat rotten meat.


Message History

* * * LOW HITPOINT WARNING * * *
You hit Sigmund. You drain Sigmund!
Sigmund is lightly wounded.
The rat closely misses you.
Unknown command.
You hit Sigmund but do no damage. You drain Sigmund!
Sigmund is lightly wounded.
Sigmund points at you and mumbles some strange words.
The magic dart hits you!
* * * LOW HITPOINT WARNING * * *
The rat barely misses you.
You barely miss Sigmund.
Sigmund is lightly wounded.
Sigmund casts a spell at you.
You are confused.
The rat bites you but does no damage.
Sigmund says, "Your kind have come here before.
I understand now why.
You desire death..."
Sigmund closely misses you.
Ouch! Sigmund closely misses you. The rat bites you.
You die...

. ...########.. #.
.......... #. .........
####. .#....... #....
#......# ##.... #####
#####.... #..... #...#
#...###..
#...#.###...####...###..
#.....r@.............%..
####...#############...#
#..@# #...# ##### ###.#
#.# #.# #.# #.. ###


You could see Sigmund and a rat.

Vanquished Creatures
  4 gnolls (D:2)
  3 adders (D:2)
  3 oozes (D:1)
  A ball python (D:2)
  3 hobgoblins (D:1)
  2 jackals (D:1)
  3 kobolds
  2 bats
  2 giant cockroaches (D:1)
  6 giant newts
  3 goblins
  8 rats
40 creatures vanquished.

Notes
Turn   | Place    | Note
--------------------------------------------------------------
     0 | D:1      | Psiweapon, the Kobold Hunter, began the quest for the Orb.
     0 | D:1      | Reached XP level 1. HP: 12/12 MP: 1/1
   124 | D:1      | Reached skill level 5 in Crossbows
   132 | D:1      | Reached XP level 2. HP: 10/16 MP: 2/2
   914 | D:1      | Reached XP level 3. HP: 20/20 MP: 3/3
  1015 | D:2      | Reached skill level 6 in Crossbows
  1034 | D:2      | Reached XP level 4. HP: 25/25 MP: 4/4
  1229 | D:2      | Reached skill level 7 in Crossbows
  1433 | D:2      | Reached XP level 5. HP: 29/29 MP: 5/5
  1472 | D:2      | Noticed Sigmund
  1480 | D:2      | Slain by a rat

Action                   |  1- 3 |  4- 6 || total
-------------------------+-------+-------++-------
Melee: Short sword       |     8 |       ||     8
       Whip              |       |    13 ||    13
 Fire: Crossbow          |    42 |    24 ||    66
 Stab: Sleeping          |       |     1 ||     1
